 Dungeon Crawl Stone Soup version 0.29.1-2-gbd0b4ee654 (webtiles) character file.

Game seed: 2699029312074224408

73 croobank the Caller (level 4, -1/32 HPs)
             Began as a Demonspawn Summoner on Nov 15, 2022.
             Slain by Ijyb
             ... wielding a +3 dagger of flaming
              (2 damage)
             ... on level 3 of the Dungeon.
             The game lasted 00:05:33 (2050 turns).

croobank the Caller (Demonspawn Summoner)           Turns: 2050, Time: 00:05:33

Health: -1/32      AC:  2    Str:  8    XL:     4   Next: 8%
Magic:  1/7        EV: 14    Int: 19    God:
Gold:   116        SH:  0    Dex: 13    Spells: 2/8 levels left

rFire   . . .      SeeInvis .   c - +0 short sword
rCold   . . .      Faith    .   (no shield)
rNeg    . . .      Spirit   .   a - +0 robe
rPois   .          Reflect  .   (no helmet)
rElec   .          Harm     .   (no cloak)
rCorr   .          Rampage  .   (no gloves)
Will    .....                   (no boots)
Stlth   ++........              (no amulet)
HPRegen 0.10/turn               (no ring)
MPRegen 0.10/turn               (no ring)

@: no status effects
A: hooves 1, repulsion field 1
a: no special abilities


You were on level 3 of the Dungeon.
You visited 1 branch of the dungeon, and saw 3 of its levels.

You collected 116 gold pieces.

Inventory:

Hand Weapons
 c - a +0 short sword (weapon)
Missiles
 h - 6 poisoned darts
Armour
 a - a +0 robe (worn)
 j - a +0 ring mail
Scrolls
 d - 2 scrolls of fear {unknown}
 e - a scroll of enchant armour {unknown}
 f - a scroll of amnesia {unknown}
 g - 3 scrolls of identify {unknown}
 k - 2 scrolls of enchant weapon {unknown}
Potions
 b - a potion of magic
 i - 2 potions of heal wounds {unknown}
 l - 4 potions of curing {unknown}


   Skills:
 + Level 1.4 Fighting
 + Level 2.3 Dodging
 + Level 2.4 Stealth
 + Level 2.5 Spellcasting
 + Level 4.3 Summonings


You had 2 spell levels left.
You knew the following spells:

 Your Spells              Type           Power      Damage    Failure   Level
a - Summon Small Mammal   Summ           72%        N/A       2%          1
b - Call Imp              Summ           18%        N/A       4%          2
c - Call Canine Familiar  Summ           18%        N/A       9%          3

Your spell library contained the following spells:

 Spells                   Type           Power      Damage    Failure   Level
 Sting                    Tmut/Pois      8%         1d3       16%         1
 Poisonous Vapours        Pois/Air       4%         N/A       24%         2
 Summon Guardian Golem    Hex/Summ       10%        N/A       21%         3
 Summon Lightning Spire   Summ/Air       10%        N/A       54%         4
 Olgreb's Toxic Radiance  Pois           2%         N/A       85%         4


Dungeon Overview and Level Annotations

Branches:
Dungeon (3/15)

Altars:

Annotations:
D:3 Ijyb


Innate Abilities, Weirdness & Mutations

You have large cloven feet.
You are surrounded by a mild repulsion field. (EV +2)


Message History

Confirm with . or Enter, or press ? or * to list all spells.
You don't have enough magic to cast this spell.
You aren't carrying any items that you can evoke.
Casting: Summon Small Mammal (safe; 2% risk of failure)
Confirm with . or Enter, or press ? or * to list all spells.
Okay, then.
Okay, then.
Your hound bites Ijyb.
Ijyb zaps a wand.
The puff of flame hits you!
Your hound closely misses Ijyb.
Ijyb hits your hound with a +3 dagger of flaming!
Ijyb burns your hound.
Your hound bites Ijyb.
Your hound bites Ijyb but does no damage.
Ijyb misses your hound.
Your hound misses Ijyb. Ijyb misses you.
Your hound bites Ijyb.
You hit Ijyb but do no damage. You kick Ijyb, but do no damage.
Ijyb is moderately wounded.
Your hound barely misses Ijyb.
Ijyb hits you with a +3 dagger of flaming.
Ijyb burns you.
You hit Ijyb. You kick Ijyb, but do no damage.
You punch Ijyb, but do no damage.
Ijyb is heavily wounded.
Your hound bites Ijyb.
Ijyb misses you.
Your hound misses Ijyb. You barely miss Ijyb.
Ijyb is severely wounded.
Your hound barely misses Ijyb.
Ijyb hits you with a +3 dagger of flaming.
Ijyb burns you.
* * * LOW HITPOINT WARNING * * *
Your hound closely misses Ijyb.
You hit Ijyb. Your kick misses Ijyb. Your punch misses Ijyb.
Ijyb is severely wounded.
Ijyb closely misses you.
Your hound bites Ijyb.
You barely miss Ijyb.
Ijyb is almost dead.
Your hound closely misses Ijyb.
Ijyb hits you with a +3 dagger of flaming!
* * * LOW HITPOINT WARNING * * *
Ijyb burns you.
You die...

# .# ##. ## .#
. ... .## ..##
#.#.. .<##.....
.#.# ...#..# #
... ....# ##.
#.# ...## .....
#g## # ..## #.#
#.###@h##.#.##.
>#.###.#
#..............
....#..
####...########
##.#.## ##.##
......# #.#
...##.### #.#
.#......# #.#
........# #.#
.#......# #.#


You could see Ijyb (ally target) and a friendly hound (summoned).

Vanquished Creatures
  A dart slug (D:2)
  An endoplasm (D:2)
  A goblin (D:1)
  A hobgoblin (D:1)
  A kobold (D:2)
  A quokka (D:1)
  A bat (D:1)
  A rat (D:2)
8 creatures vanquished.

Vanquished Creatures (collateral kills)
  2 adders (D:2)
  A worm (D:2)
  2 dart slugs
  A ball python (D:2)
  4 endoplasms
  2 giant cockroaches
  5 goblins
  6 hobgoblins
  2 kobolds (D:2)
  4 bats (D:1)
  2 frilled lizards
  3 rats
34 creatures vanquished.

Grand Total: 42 creatures vanquished

Notes
Turn   | Place    | Note
-------+----------+-------------------------------------------
     0 | D:1      | croobank the Demonspawn Summoner began the quest for the
                  | Orb.
     0 | D:1      | Reached XP level 1. HP: 13/13 MP: 3/3
   165 | D:1      | Gained mutation: You are surrounded by a mild repulsion
                  | field. (EV +2) [demonic ancestry]
   165 | D:1      | Reached XP level 2. HP: 20/20 MP: 3/5
   168 | D:1      | Learned a level 2 spell: Call Imp
   752 | D:1      | Reached skill level 1 in Fighting
   794 | D:2      | Reached XP level 3. HP: 20/26 MP: 3/6
  1532 | D:2      | Learned a level 3 spell: Call Canine Familiar
  1597 | D:2      | Gained mutation: You have large cloven feet. [demonic
                  | ancestry]
  1597 | D:2      | Reached XP level 4. HP: 30/32 MP: 3/7
  2032 | D:3      | Noticed Ijyb
  2050 | D:3      | HP: 1/32 [Ijyb/+3 dagger of flaming (8)]
  2050 | D:3      | Slain by Ijyb

Illustrated notes

Levels and vault maps discovered:
D:1:      dpeg_arrival_pond, layout_basic, minmay_pentomino_o2
D:2:      layout_basic
D:3:      layout_loops_cross, serial_shops, nicolae_shop_trees,
          hellmonk_ecumenical_altar_heavens_door, uniq_ijyb, uniq_sigmund,
          uniq_robin, uniq_jessica

Skill      XL: |  1  2 |
---------------+-------+-----
Stealth        | 2 |  2.4
Dodging        | 2 |  2.3
Fighting       | 1 |  1.4
Spellcasting   | |  2.5
Summonings     | |  4.3

Action                   |  1- 3 |  4- 6 || total
-------------------------+-------+-------++-------
Melee: Short sword       |    46 |    12 ||    58
       Kick              |       |     3 ||     3
       Punch             |       |     1 ||     1
 Cast: Summon Small Mamm |    28 |     5 ||    33
       Call Imp          |    12 |     3 ||    15
       Call Canine Famil |     1 |     2 ||     3
 Stab: Sleeping          |     3 |       ||     3
       Distracted        |       |     1 ||     1
Armor: Robe              |    11 |       ||    11
Dodge: Dodged            |    48 |     8 ||    56
